 Dungeon Crawl Stone Soup version 0.22.1-1-ga44c0e5 (webtiles) character file.

18 lukekx100 the Charlatan (level 2, 2/25 HPs)
             Began as a Deep Dwarf Artificer on Oct 19, 2018.
             Starved to death
             ... on level 2 of the Dungeon.
             The game lasted 00:09:32 (3022 turns).

lukekx100 the Charlatan (Deep Dwarf Artificer)      Turns: 3022, Time: 00:09:33

Health: 2/25       AC:  3    Str: 15    XL:     2   Next: 48%
Magic:  5/5        EV: 12    Int: 11    God:
Gold:   80         SH:  0    Dex: 13    Spells: 1/1 levels left

rFire    . . .     SeeInvis .   a - +0 short sword
rCold    . . .     Gourm    .   (no shield)
rNeg     . . .     Faith    .   b - +0 leather armour
rPois    .         Spirit   .   (no helmet)
rElec    .         Reflect  .   (no cloak)
rCorr    .         Harm     .   (no gloves)
MR       .....                  (no boots)
Stlth    +.........             (no amulet)
HPRegen  0.00/turn              (no ring)
MPRegen  0.09/turn              (no ring)

@: fainting, non-regenerating
A: damage resistance, heal wounds, sense surroundings 1, no regeneration
a: Heal Wounds


You were on level 2 of the Dungeon.
You were fainting.

You visited 1 branch of the dungeon, and saw 2 of its levels.

You collected 80 gold pieces.

Inventory:

Hand Weapons
 a - a +0 short sword (weapon)
Armour
 b - a +0 leather armour (worn)
Wands
 c - a wand of flame (15)
 d - a wand of enslavement (15)
 e - a wand of random effects (15)
Scrolls
 g - a scroll of enchant armour {unknown}
 h - a scroll of teleportation {unknown}
 i - a scroll of identify {unknown}
 k - a scroll of remove curse {unknown}
Potions
 j - a potion of curing {unknown}


   Skills:
 + Level 1.2 Fighting
 - Level 0.8 Short Blades
 + Level 0.3 Armour
 + Level 2.2 Dodging
 + Level 1.2 Stealth
 + Level 4.8 Evocations


You had one spell level left.
You didn't know any spells.
Your spell library was empty.

Dungeon Overview and Level Annotations

Branches:
Dungeon (2/15)

Altars:


Innate Abilities, Weirdness & Mutations

You are resistant to damage.
You can heal yourself by infusing magical energy.
You passively map a small area around you.
You do not regenerate.


Message History

The bat hits you. The bat closely misses you.
The bat hits you but does no damage. The bat closely misses you.
The bat hits you but does no damage. The bat hits you but does no damage.
The bat hits you. The bat barely misses you. The bat barely misses you. x2
You closely miss the bat. The bat hits you but does no damage.
You hit the bat but do no damage. The bat barely misses you.
You closely miss the bat.
You lose consciousness!
The bat hits you but does no damage. x2
The bat hits you but does no damage. The bat hits you.
The bat completely misses you. The bat hits you but does no damage. x3
You can move again.
The bat misses you.
You closely miss the bat.
You have starved to death.
You die...

, ..# **, , * , **#.# * ,*
, ,###.# * ...# ######+###
* #..# #........# #..#
#.####.#.# .######..# #.#
##.#.#####*
.........###.###.........
#######...@b.........#.##*
##########<....# * ,
##.#..# ##.#..# , *
#.....# * ,, ,##.##......
,, #.# ###### * * *#.#
,####.#


You could see a bat.

Vanquished Creatures
  2 bats (D:1)
  2 giant cockroaches (D:1)
  4 hobgoblins (D:1)
  A frilled lizard (D:1)
  3 goblins
  3 kobolds (D:1)
  A rat (D:1)
16 creatures vanquished.

Notes
Turn   | Place    | Note
-------+----------+-------------------------------------------
     0 | D:1      | lukekx100 the Deep Dwarf Artificer began the quest for the
                  | Orb.
     0 | D:1      | Reached XP level 1. HP: 16/16 MP: 3/3
   121 | D:1      | Reached XP level 2. HP: 3/24 MP: 5/5
   204 | D:1      | Reached skill level 1 in Fighting
  1821 | D:1      | Paralysed by fainting for 11 turns
  1838 | D:1      | Paralysed by fainting for 9 turns
  1855 | D:1      | Paralysed by fainting for 8 turns
  1891 | D:1      | Paralysed by fainting for 6 turns
  2916 | D:2      | Paralysed by fainting for 6 turns
  2931 | D:2      | Paralysed by fainting for 8 turns
  2945 | D:2      | Paralysed by fainting for 8 turns
  2964 | D:2      | Paralysed by fainting for 10 turns
  3016 | D:2      | Paralysed by fainting for 5 turns
  3022 | D:2      | Starved to death

Skill      XL: |  1  2 |
---------------+-------+-----
Fighting       | 1 |  1.2
Short Blades   | |  0.8
Armour         | |  0.3
Dodging        | |  2.2
Stealth        | |  1.2
Evocations     | |  4.8

Action                   || total
-------------------------++-------
Melee: Short sword       ||    73
  Eat: Ration            ||     1
Armor: Leather armour    ||    30
Dodge: Dodged            ||    67
